 Dungeon Crawl Stone Soup version 0.22.0-49-gab54619 (webtiles) character file.

418998 beigtais the Eclecticist (level 22, -20/135 HPs)
             Began as a Demonspawn Wizard on Aug 21, 2018.
             Was the Champion of Vehumet.
             Hit by a large rock thrown by a stone giant (21 damage)
             ... on level 1 of the Depths on Sept 4, 2018.
             The game lasted 17:01:09 (94456 turns).

beigtais the Eclecticist (Demonspawn Wizard)       Turns: 94456, Time: 17:01:10

Health: -20/135    AC: 19    Str:  6      XL:     22   Next: 61%
Magic:  48/48      EV: 17    Int: 26      God:    Vehumet [******]
Gold:   1253       SH:  0    Dex:  8 (9)  Spells: 5/56 levels left

rFire    + + +     SeeInvis +   t - staff of energy
rCold    + + +     Gourm    .   (no shield)
rNeg     + . .     Faith    .   B - +2 robe {rC+ rF+}
rPois    .         Spirit   .   (helmet restricted)
rElec    +         Reflect  .   Q - scarf {rC+ rF+}
rCorr    .         Harm     .   (gloves unavailable)
MR       +++++                  o - +2 pair of boots
Stlth    +++.......             h - amulet of magic regeneration
HPRegen  0.32/turn              G - ring of the Empty Page {rN+ SInv}
MPRegen  0.56/turn              W - ring of Ylla {Wiz rF+++ MR+++ Str-5 Dex-5}

@: sanguine armour
A: claws 3, horns 1, agile 1, cold resistance 2, deterioration 1, dopey 1, frail
1, high mp 1, magic resistance 1, powered by death 1, powered by pain 2,
electricity resistance, strong 1, evolution 1, augmentation 3, sanguine armour 3
}: 2/15 runes: barnacled, gossamer
a: Renounce Religion


You were on level 1 of the Depths.
You worshipped Vehumet.
Vehumet was exalted by your worship.
You were not hungry.

You visited 12 branches of the dungeon, and saw 45 of its levels.
You visited 1 bazaar.

You collected 5148 gold pieces.
You spent 3895 gold pieces at shops.

Inventory:

Hand Weapons
 y - a +1 lajatang of electrocution
 C - a +4 blowgun
Missiles
 f - 6 silver javelins
 H - 10 curare-tipped needles
 N - 5 tomahawks of returning
 U - 21 javelins (quivered)
Armour
 o - a +2 pair of boots (worn)
 B - a +2 robe of resistance (worn)
 Q - a scarf of resistance (worn)
 V - the +2 robe of the Commoners {MR+ rCorr Str-5 Dex+3}
   (You found it on level 4 of the Lair of Beasts)

   It affects your strength (-5).
   It affects your dexterity (+3).
   It affects your resistance to hostile enchantments.
   It provides partial protection from all sources of acid and corrosion.
Magical Staves
 t - an uncursed staff of energy (weapon)
Jewellery
 h - an amulet of magic regeneration (around neck)
 i - an uncursed amulet of the acrobat
 l - the ring "Qeb Ihea" {rN+ Str-5 Int+7 Slay+3}
   (You found it on level 3 of the Crypt)

   [ring of positive energy]

   It affects your strength (-5).
   It affects your intelligence (+7).
   It affects your accuracy and damage with ranged weapons and melee attacks
   (+3).
   It protects you from negative energy.
 m - the ring "Cutwoy" {rN+ MP+9}
   (You found it on level 3 of the Crypt)

   [ring of positive energy]

   It protects you from negative energy.
   It affects your magic capacity (+9).
 r - the ring "Hoivvoif" {rCorr rC+++ MR- Dex+6}
   (You took it off a deep elf demonologist on level 3 of the Elven Halls)

   [ring of resist corrosion]

   It affects your dexterity (+6).
   It renders you almost immune to cold.
   It affects your resistance to hostile enchantments.
 D - the ring "Zephosch" {rN+ Int+2}
   (You took it off a deep elf demonologist on level 3 of the Elven Halls)

   [ring of positive energy]

   It affects your intelligence (+2).
   It protects you from negative energy.
 F - the ring of Shadows {Umbra +Inv Stlth+}
   (You took it off an orc wizard on level 7 of the Dungeon)

   [ring of stealth]

   It lets you turn invisible.
   It makes you more stealthy.
 G - the ring of the Empty Page (left claw) {rN+ SInv}
   (You took it off a deep elf death mage on level 3 of the Elven Halls)

   [ring of positive energy]

   It protects you from negative energy.
   It lets you see invisible.
 R - a +2 amulet of reflection
 W - the ring of Ylla (right claw) {Wiz rF+++ MR+++ Str-5 Dex-5}
   (You bought it in a shop on level 2 of the Orcish Mines)

   [ring of wizardry]

   It improves your spell success rate.
   It affects your strength (-5).
   It affects your dexterity (-5).
   It renders you almost immune to fire.
   It affects your resistance to hostile enchantments.
 Z - the amulet "Geciysur" {rElec rC+ Regen+ MP+9 Str-3}
   (You took it off a deep elf demonologist on level 3 of the Elven Halls)

   [amulet of regeneration]

   It affects your strength (-3).
   It protects you from cold.
   It insulates you from electricity.
   It affects your magic capacity (+9).
   It increases your rate of regeneration.
Wands
 k - a wand of digging (28)
 n - a wand of paralysis (41)
 z - a wand of disintegration (10)
 A - a wand of iceblast (22)
 M - a wand of flame (202)
 T - a wand of clouds (7)
Scrolls
 c - 4 scrolls of fog
 e - 20 scrolls of remove curse
 g - 2 scrolls of fear
 v - 4 scrolls of immolation
 x - 14 scrolls of teleportation
 I - 3 scrolls of blinking
 J - 7 scrolls of identify
 P - 7 scrolls of magic mapping
Potions
 a - 4 potions of cancellation
 p - 4 potions of haste
 q - a potion of invisibility
 w - 3 potions of resistance
 E - 4 potions of curing
 K - 3 potions of heal wounds
 L - 7 potions of flight
 Y - 3 potions of magic
Miscellaneous
 u - 2 phantom mirrors
 S - a sack of spiders
 X - a box of beasts
Comestibles
 d - 28 rations


   Skills:
 + Level 7.5 Fighting
   Level 0.3 Short Blades
 + Level 8.2 Staves
 + Level 7.5 Throwing
 + Level 13.1 Dodging
 + Level 7.7 Stealth
   Level 0.1 Shields
 - Level 17.8 Spellcasting
 - Level 15.9 Conjurations
 - Level 5.6 Hexes
 - Level 7.4 Summonings
 - Level 4.7 Translocations
   Level 1.7 Transmutations
 * Level 12.1 Fire Magic
 - Level 10.4 Ice Magic
 - Level 11.8 Air Magic
 - Level 7.4 Earth Magic
   Level 4.0 Poison Magic
 + Level 8.7 Evocations


You had 5 spell levels left.
You knew the following spells:

 Your Spells              Type           Power        Failure   Level  Hunger
a - Iron Shot             Conj/Erth      ######....   1%          6    None
b - Chain Lightning       Conj/Air       #######...   5%          8    None
c - Blink                 Tloc           N/A          1%          2    None
d - Ignition              Fire           ######....   11%         8    None
e - Confuse               Hex            ######..     1%          3    None
g - Spellforged Servitor  Conj/Summ      ######....   1%          7    None
h - Bolt of Cold          Conj/Ice       #######...   1%          6    None
i - Freezing Cloud        Conj/Ice/Air   ######....   1%          6    None
j - Lightning Bolt        Conj/Air       #######...   1%          5    None

Your spell library contained the following spells:

 Spells                   Type           Power        Failure   Level  Hunger
 Fire Storm               Conj/Fire      #######...   50%         9    None
 Magic Dart               Conj           ####         0%          1    None
 Shock                    Conj/Air       ####         0%          1    None
 Searing Ray              Conj           ######       0%          2    None
 Throw Frost              Conj/Ice       ######       0%          2    None
 Conjure Flame            Conj/Fire      #######.     0%          3    None
 Beastly Appendage        Tmut           ####..       1%          1    None
 Confusing Touch          Hex            ######       1%          1    None
 Freeze                   Ice            ####         1%          1    None
 Sandblast                Erth           ######       1%          1    None
 Summon Small Mammal      Summ           ####         1%          1    None
 Call Imp                 Summ           ######..     1%          2    None
 Passwall                 Tmut/Erth      #####...     1%          2    None
 Poisonous Vapours        Pois/Air       ######       1%          2    None
 Slow                     Hex            ######..     1%          2    None
 Swiftness                Chrm/Air       ######..     1%          2    None
 Gell's Gravitas          Tloc           #####.....   1%          3    None
 Mephitic Cloud           Conj/Pois/Air  ######..     1%          3    None
 Ozocubu's Armour         Chrm/Ice       ######..     1%          3    None
 Recall                   Summ/Tloc      N/A          1%          3    None
 Stone Arrow              Conj/Erth      ######       1%          3    None
 Summon Guardian Golem    Hex/Summ       ######..     1%          3    None
 Ice Form                 Ice/Tmut       ######..     1%          4    None
 Leda's Liquefaction      Hex/Erth       ######....   1%          4    None
 Petrify                  Tmut/Erth      #####...     1%          4    None
 Summon Ice Beast         Ice/Summ       ######..     1%          4    None
 Throw Icicle             Conj/Ice       #######.     1%          4    None
 Aura of Abjuration       Summ           ######....   1%          5    None
 Bolt of Magma            Conj/Fire/Erth ######....   1%          5    None
 Irradiate                Conj/Tmut      ######....   1%          5    None
 Lee's Rapid Deconstruct  Erth           ######....   1%          5    None
 Metabolic Englaciation   Hex/Ice        ######....   1%          5    None
 Silence                  Hex/Air        ######....   1%          5    None
 Summon Demon             Summ           ######....   1%          5    None
 Summon Forest            Summ/Tloc      ######....   1%          5    None
 Summon Mana Viper        Hex/Summ       ######..     1%          5    None
 Yara's Violent Unravell  Hex/Tmut       #####.....   1%          5    None
 Ozocubu's Refrigeration  Ice            ######....   1%          6    None
 Shadow Creatures         Summ           N/A          6%          6    None
 Simulacrum               Ice/Necr       ######....   16%         6    None
 Statue Form              Tmut/Erth      #####....    19%         6    None
 Malign Gateway           Summ/Tloc      ######....   47%         7    None
 Ring of Flames           Chrm/Fire      ######....   47%         7    None
 Hydra Form               Tmut           ####......   50%         6    None
 Tornado                  Air            ######....   77%         9    None
 Dragon Form              Tmut           ####......   96%         7    None
 Shatter                  Erth           ######....   99%         9    None
 Dragon's Call            Summ           ######....   100%        9    None


Dungeon Overview and Level Annotations

Branches:
Dungeon (15/15)            Temple (1/1) D:5            Lair (6/6) D:8
 Shoals (4/4) Lair:3       Spider (4/4) Lair:4        Slime (1/5) Lair:5
    Orc (2/2) D:11            Elf (3/3) Orc:2        Vaults (4/5) D:14
  Crypt (3/3) Vaults:2       Tomb (1/3) Crypt:3      Depths (1/5) D:15

Altars:
Ashenzari
Cheibriados
Dithmenos
Elyvilon
Fedhas
Gozag
Hepliaklqana
Kikubaaqudgha
Makhleb
Nemelex Xobeh
Okawaru
Qazlal
Ru
Sif Muna
Trog
Uskayaw
Vehumet
Wu Jian
Xom
Yredelemnul
Zin
The Shining One

Shops:
D:15 !   Orc:1 }   Orc:2 *:[[   Elf:2 =?%?*   Vaults:3 ?

Annotations:
Shoals:2 exclusion: ice statue
Shoals:3 1 runed door, exclusion: obsidian statue


Innate Abilities, Weirdness & Mutations

You have claws for hands.
You regenerate a little health from kills.
You sometimes gain power by taking damage.
Your magical and physical power is greatly enhanced at high health.
When seriously injured, your bleeding wounds create very thick armour. (AC +12)
You have a pair of small horns on your head.
You are agile. (Dex +2)
Your flesh is very cold resistant. (rC++)
Your body sometimes deteriorates upon taking damage.
You are dopey. (Int -2)
You are frail. (-10% HP)
You have an increased reservoir of magic. (+10% MP)
You are resistant to hostile enchantments. (MR+)
You are resistant to electric shocks. (rElec)
Your muscles are strong. (Str +2)
You evolve.


Message History

You kill the yaktaur!
Vehumet accepts your kill.
You feel your power returning. The lightning arc hits you!
The lightning arc hits the spriggan defender.
The spriggan defender is lightly wounded.
The lightning arc hits you!
You hear a screech!
The spriggan defender hits you with a vampiric lajatang!!
A spriggan comes into view. It is wielding a short sword.
The spriggan defender misses you.
The stone giant throws a large rock.
The large rock completely misses you.
The stone giant throws a large rock.
The large rock hits you!
* * * LOW HITPOINT WARNING * * *
You focus on the pain.
You feel your power returning.
The spriggan moves out of view.
The spriggan defender hits you with a vampiric lajatang!!
* * * LOW HITPOINT WARNING * * *
The spriggan defender draws strength from your wounds!
The stone giant throws a large rock.
The large rock hits you!!
You die...

..i..)C(i.≈# ..
......)##ii## ..#
......)#.i≈≈###≈#
....[..#...≈≈#≈###
..##...#.....≈≈≈≈≈
# #...#........C.
....#..iC......
#....#.i?.......
#..@.......
#.((.......
###+##...## ####


You could see 2 stone giants, 2 spriggan defenders, a spriggan air mage
(wandering) and 2 spriggans.

Vanquished Creatures
  Khufu (Tomb:1)
  An ancient lich (Crypt:3)
  the Enchantress (Depths:1)
  Arachne (Spider:2)
  A shard shrike zombie (Crypt:1)
  2 liches (Crypt:3)
  A deep elf master archer (Elf:3)
  A deep elf blademaster (Elf:2)
  Asterion (Elf:1)
  An acid blob (Slime:1)
  An ancient champion (Crypt:2)
  Kirke (Lair:4)
  8 sphinxes
  A shadow dragon (Vaults:3)
  2 azure jellies
  A revenant (Crypt:2)
  2 frost giants
  2 deep elf sorcerers (Elf:3)
  A fire giant (Vaults:4)
  7 vault wardens
  5 ghost moths
  An orc warlord (Orc:2)
  2 emperor scorpions (Spider:4)
  13 ironheart preservers
  4 deep elf elementalists (Elf:3)
  3 ghouls (Crypt:2)
  4 war gargoyles
  7 stone giants
  6 entropy weavers
  10 very ugly things
  4 vampire knights
  2 deep elf demonologists (Elf:3)
  Azrael (D:12)
  Nessos (Orc:2)
  A dire elephant (Lair:6)
  2 deep elf annihilators (Elf:3)
  2 spark wasps
  An eidolon (Crypt:1)
  An ettin (Orc:1)
  A merfolk javelineer (Shoals:3)
  3 crystal guardians (Crypt:3)
  A mummy priest (Tomb:1)
  Snorg (D:10)
  6 deep elf death magi
  10 merfolk impalers
  4 fire dragons
  5 yaktaur captains
  3 jiangshi
  4 vault guards (Vaults:3)
  A deep elf high priest (Elf:3)
  2 ice dragons
  A peacekeeper (Elf:1)
  7 hydras
  2 great orbs of eyes
  A rakshasa (Vaults:2)
  A catoblepas (Lair:6)
  6 centaur warriors
  3 merfolk avatars
  17 ogre magi
  An alligator snapping turtle (Shoals:4)
  A death knight (Crypt:2)
  A merfolk aquamancer (Shoals:4)
  Erica (D:8)
  2 satyrs (Shoals:4)
  19 dancing weapons
  2 deep troll earth magi (Vaults:3)
  2 tengu warriors
  55 two-headed ogres
  2 deep troll shamans
  7 orc high priests
  5 death yaks
  A vampire mage (Crypt:1)
  A titan zombie (Crypt:3)
  9 deep elf knights
  Sonja (Lair:6)
  Nergalle (D:12)
  A titan skeleton (Crypt:2)
  5 shadow wraiths
  6 hell knights (Crypt:3)
  6 flayed ghosts
  An unseen horror (shapeshifter) (Vaults:3)
  An anaconda zombie (Crypt:3)
  18 skeletal warriors
  12 deep trolls
  A death drake (shapeshifter) (Vaults:4)
  8 sea snakes
  3 unseen horrors
  A swamp dragon (shapeshifter) (Vaults:3)
  A golden dragon zombie (Crypt:2)
  9 ironbrand convokers
  A golden dragon skeleton (Crypt:2)
  2 wizards (Vaults:3)
  A shadow dragon zombie (Crypt:2)
  2 wolf spider zombies
  An anaconda skeleton (Crypt:1)
  5 phantasmal warriors
  11 necromancers
  24 wolf spiders
  11 harpies
  21 orb spiders
  23 orc knights
  13 ugly things
  8 deep elf archers
  The ghost of execc the Chopper, a novice VSBe of Trog (D:8)
  15 fauns
  An orb spider (shapeshifter) (D:15)
  A fire giant zombie (Vaults:4)
  50 deep elf magi
  3 oklob plants (Lair:3)
  10 manticores
  A frost giant zombie (Crypt:2)
  4 orc sorcerers
  An iron dragon zombie (Tomb:1)
  16 elephants
  7 cyclopes
  A shock serpent zombie (Crypt:1)
  A moth of wrath (Spider:4)
  A frost giant skeleton (Crypt:1)
  2 fire giant skeletons (Crypt:2)
  10 merfolk sirens
  7 vault sentinels
  2 black mambas (Lair:5)
  A human skeleton (Vaults:4)
  A stone giant skeleton (Vaults:4)
  5 water nymphs
  9 spiny frogs
  3 gargoyles
  A dire elephant skeleton (Crypt:3)
  3 molten gargoyles (D:13)
  A torpor snail (Spider:4)
  3 rime drakes
  An efreet (D:13)
  3 freezing wraiths
  A catoblepas skeleton (Crypt:3)
  3 guardian mummies (Tomb:1)
  18 demonic crawlers
  A yaktaur (shapeshifter) (Depths:1)
  39 yaktaurs
  9 komodo dragons
  3 meliai (Spider:1)
  A queen bee (Spider:1)
  A tengu conjurer (D:15)
  10 trolls
  A polar bear (Lair:5)
  A harpy zombie (Crypt:2)
  18 merfolk
  A queen bee (shapeshifter) (D:14)
  15 hornets
  Grinder (D:6)
  3 hydra skeletons
  36 jumping spiders
  6 wind drakes
  2 fire dragon zombies (Crypt:3)
  A hornet (shapeshifter) (Vaults:2)
  5 blink frogs
  13 hippogriffs
  A fire giant simulacrum (Crypt:2)
  15 slime creatures
  9 dream sheep
  An ettin zombie (Crypt:1)
  A frost giant simulacrum (Vaults:2)
  43 flying skulls
  8 snapping turtles
  A fire dragon skeleton (Crypt:3)
  An air elemental (Elf:1)
  An ettin skeleton (Crypt:1)
  2 shadows
  61 redbacks
  24 tarantellas
  46 yaks
  9 water elementals
  A dire elephant simulacrum (Crypt:2)
  3 vampires
  6 basilisks
  Eustachio (D:4)
  4 ushabtiu (Tomb:1)
  8 wraiths
  5 fire elementals
  A steam dragon (D:12)
  A hog (Spider:1)
  An emperor scorpion simulacrum (Crypt:1)
  A yaktaur simulacrum (Vaults:4)
  5 wargs
  2 elf skeletons (Vaults:4)
  A hungry ghost (D:14)
  7 vampire mosquitoes
  A spiny frog zombie (Crypt:3)
  3 acid dragons
  2 swamp worms (shapeshifter)
  Duvessa (D:6)
  A faun zombie (Crypt:1)
  2 hell hounds (D:12)
  An orb spider zombie (Crypt:2)
  14 water moccasins
  8 porcupines
  2 slaves (D:6)
  2 ice beasts
  60 orc warriors
  A monstrous demonspawn skeleton (Crypt:2)
  2 sky beasts
  A black bear (Lair:6)
  An ice dragon simulacrum (Crypt:1)
  3 necrophages (Crypt:3)
  3 ettin simulacra
  4 boggarts
  An eye of draining (D:12)
  35 ogres
  10 wolves
  34 centaurs
  A manticore skeleton (Crypt:3)
  A snapping turtle skeleton (Crypt:3)
  12 crocodiles
  6 big kobolds
  A big kobold (shapeshifter) (D:14)
  16 bullfrogs
  3 human zombies
  2 earth elementals (Elf:3)
  A spiny frog simulacrum (Crypt:1)
  6 scorpions
  32 killer bees
  A snapping turtle simulacrum (Crypt:1)
  2 howler monkeys (D:8)
  2 wights
  4 electric eels
  A spriggan skeleton (Crypt:2)
  2 crimson imps
  15 jellies
  A quasit (D:11)
  2 bullfrog zombies
  5 centaur skeletons
  A centaur zombie (D:11)
  37 orc priests
  4 hounds
  2 bullfrog skeletons
  A porcupine zombie (Crypt:1)
  3 iguanas
  37 orc wizards
  12 worker ants
  A felid zombie (Crypt:2)
  7 mummies (Tomb:1)
  A hound skeleton (D:7)
  A howler monkey skeleton (D:11)
  2 gnolls
  12 adders
  2 river rats (D:3)
  3 oozes
  An adder skeleton (D:7)
  3 worms
  A dart slug (D:1)
  3 leopard geckos
  95 orcs
  4 giant cockroaches
  8 goblins
  5 hobgoblins
  A jackal (D:4)
  A quokka (D:3)
  4 ball pythons
  A dart slug zombie (Crypt:2)
  6 frilled lizards
  A giant cockroach zombie (D:5)
  17 kobolds
  An orc zombie (Crypt:1)
  2 quokka skeletons
  A quokka zombie (D:6)
  10 rats
  3 fungi
  29 plants
1748 creatures vanquished.

Vanquished Creatures (collateral kills)
  A bone dragon (Crypt:3)
  Rupert (D:13)
  A deep elf master archer (Elf:3)
  2 deep elf blademasters (Elf:3)
  3 deep elf sorcerers (Elf:3)
  2 vault wardens (Vaults:1)
  An ironheart preserver (Vaults:1)
  A ghoul (Crypt:2)
  An entropy weaver (Spider:2)
  A very ugly thing (Vaults:1)
  4 deep elf demonologists (Elf:3)
  2 deep elf annihilators (Elf:3)
  5 deep elf death magi
  3 yaktaur captains
  A deep elf high priest (Elf:3)
  A peacekeeper (Elf:1)
  3 vault guards (Vaults:1)
  An ice dragon (Vaults:1)
  2 rakshasas
  A centaur warrior (Vaults:2)
  2 hydras (D:15)
  An ogre mage (Vaults:2)
  2 death knights
  A two-headed ogre (D:13)
  13 dancing weapons
  An orc high priest (Elf:3)
  A vampire mage (Crypt:2)
  A soul eater (Crypt:2)
  4 deep elf knights
  3 skeletal warriors
  A deep elf archer (Elf:1)
  A wizard (Vaults:3)
  An ironbrand convoker (Vaults:2)
  A phantasmal warrior (Crypt:2)
  10 ugly things (Vaults:1)
  3 orc knights
  An orb spider (Spider:4)
  3 necromancers
  13 deep elf magi
  An iron dragon zombie (Crypt:1)
  A salamander (shapeshifter) (Vaults:3)
  A centaur zombie (D:13)
  An elephant (Lair:5)
  A molten gargoyle (D:13)
  2 spiny frogs
  2 gargoyles
  3 vault sentinels (Vaults:1)
  A komodo dragon (shapeshifter) (Vaults:1)
  4 yaktaurs
  3 freezing wraiths
  2 demonic crawlers
  A wind drake (Shoals:3)
  2 guardian mummies (Tomb:1)
  2 jumping spiders
  2 hornets (Spider:4)
  A sphinx simulacrum (Vaults:3)
  An ettin zombie (Crypt:2)
  2 slime creatures (Vaults:1)
  An air elemental (Elf:2)
  9 redbacks
  A vampire (D:13)
  2 wraiths
  An ushabti (Tomb:1)
  A steam dragon (shapeshifter) (Vaults:1)
  3 fire elementals
  2 hungry ghosts
  A human simulacrum (Vaults:1)
  A water moccasin (D:5)
  An acid dragon (Vaults:1)
  A porcupine (D:8)
  6 orc warriors
  A spiny frog skeleton (Crypt:3)
  An ettin simulacrum (Crypt:2)
  2 slaves
  3 boggarts
  A lindwurm skeleton (Crypt:2)
  3 ogres
  2 centaurs (Vaults:2)
  A crocodile (Lair:1)
  A big kobold (D:9)
  3 bullfrogs
  An earth elemental (Elf:3)
  Dowan (D:6)
  3 scorpions
  2 killer bees (D:13)
  4 wights
  2 electric eels
  2 howler monkeys
  2 crimson imps
  2 quasits
  A hound (D:13)
  2 bullfrog skeletons (D:5)
  2 orc priests
  4 centaur skeletons
  An iguana (D:7)
  6 orc wizards
  3 worker ants
  2 mummies (Tomb:1)
  Robin (D:2)
  2 gnolls (D:3)
  2 adders
  A shadow imp (D:7)
  2 adder zombies
  6 worms
  2 leopard geckos (D:4)
  24 orcs
  A bat (D:2)
  2 gnoll zombies (D:3)
  11 goblins (D:2)
  3 hobgoblins (D:2)
  4 jackals
  A kobold (D:7)
  A quokka (D:2)
  A ball python (D:3)
  2 frilled lizards (D:2)
  A rat (D:2)
288 creatures vanquished.

Vanquished Creatures (others)
  An orb spider (Spider:2)
  A rime drake (Lair:1)
  A jumping spider (Spider:4)
  4 humans (Spider:1)
  2 yaks (D:12)
  A boggart (Vaults:3)
  An orc (Vaults:3)
  7 fungi
  26 plants
44 creatures vanquished.

Grand Total: 2080 creatures vanquished

Notes
Turn   | Place    | Note
-------+----------+-------------------------------------------
     0 | D:1      | beigtais the Demonspawn Wizard began the quest for the Orb.
     0 | D:1      | Reached XP level 1. HP: 13/13 MP: 4/4
   413 | D:1      | Gained mutation: When seriously injured, your bleeding
                  | wounds create armour. (AC +12) [demonic ancestry]
   413 | D:1      | Reached XP level 2. HP: 19/19 MP: 1/6
   559 | D:1      | Found a glowing golden altar of the Shining One.
   953 | D:2      | Found a hide-covered altar of Uskayaw.
   994 | D:2      | Learned a level 2 spell: Call Imp
   997 | D:2      | Learned a level 2 spell: Blink
   999 | D:2      | Noticed a dagger
   999 | D:2      | Noticed a dagger
  1309 | D:2      | Noticed Robin
  1323 | D:2      | Killed Robin
  1323 | D:2      | Gained mutation: You have sharp fingernails. [demonic
                  | ancestry]
  1323 | D:2      | Reached XP level 3. HP: 19/24 MP: 2/7
  2245 | D:2      | Gained mutation: You sometimes gain a little power by
                  | taking damage. [demonic ancestry]
  2245 | D:2      | Reached XP level 4. HP: 31/31 MP: 3/9
  2503 | D:3      | Reached skill level 1 in Translocations
  2776 | D:3      | Found a glowing golden altar of the Shining One.
  2900 | D:2      | Learned a level 3 spell: Mephitic Cloud
  3235 | D:3      | Found an iron altar of Okawaru.
  3439 | D:3      | Reached skill level 4 in Spellcasting
  3439 | D:3      | Reached XP level 5. HP: 36/36 MP: 5/11
  3669 | D:3      | Found a basalt altar of Yredelemnul.
  3835 | D:4      | Noticed an ogre
  3861 | D:3      | Killed an ogre
  3918 | D:3      | Learned a level 3 spell: Confuse
  4194 | D:4      | Noticed an ogre
  4208 | D:4      | Killed an ogre
  4208 | D:4      | Reached skill level 1 in Fighting
  4208 | D:4      | Reached XP level 6. HP: 43/43 MP: 1/12
  4788 | D:5      | Entered Level 5 of the Dungeon
  4903 | D:4      | Noticed a hippogriff
  5272 | D:5      | Reached skill level 5 in Spellcasting
  5413 | D:5      | Found a shattered altar of Ashenzari.
  5423 | D:5      | Noticed a water moccasin
  5437 | D:5      | Killed a water moccasin
  5437 | D:5      | Reached skill level 1 in Staves
  5888 | D:5      | Learned a level 3 spell: Gell's Gravitas
  5979 | D:5      | Reached skill level 1 in Throwing
  5979 | D:5      | Gained mutation: You regenerate a little health from kills.
                  | [demonic ancestry]
  5979 | D:5      | Reached XP level 7. HP: 43/48 MP: 9/15
  6301 | D:5      | Found a staircase to the Ecumenical Temple.
  6314 | Temple   | Entered the Ecumenical Temple
  7543 | D:5      | Learned a level 3 spell: Conjure Flame
  7596 | D:6      | Reached skill level 1 in Hexes
  8063 | D:6      | Noticed Grinder
  8085 | D:6      | Paralysed by Grinder for 5 turns
  8091 | D:6      | Killed Grinder
  8091 | D:6      | Reached skill level 6 in Spellcasting
  8091 | D:6      | Reached XP level 8. HP: 34/57 MP: 1/17
  8312 | D:6      | Found a transporter.
  8319 | D:6      | Found a transporter.
  8331 | D:6      | Noticed Pikel
  8735 | D:6      | Found a sacrificial altar of Ru.
  8761 | D:6      | Found a burning altar of Makhleb.
  8809 | D:6      | Noticed Duvessa
  8811 | D:6      | Noticed Dowan
  8850 | D:6      | Killed Dowan
  9305 | D:6      | Noticed Pikel
  9305 | D:6      | Pikel changed into Pikel the basilisk
  9458 | D:6      | Killed Duvessa
  9462 | D:6      | Killed Pikel the basilisk
  9462 | D:6      | Reached skill level 1 in Fire Magic
  9556 | D:6      | Found a radiant altar of Vehumet.
  9558 | D:6      | Noticed a skeletal warrior
 10486 | D:7      | Reached skill level 7 in Spellcasting
 10570 | D:7      | Found a radiant altar of Vehumet.
 10590 | D:7      | Found a basalt altar of Yredelemnul.
 10598 | D:7      | Became a worshipper of Vehumet
 10626 | D:7      | Noticed a seven-headed hydra
 10992 | D:7      | Found a shadowy altar of Dithmenos.
 11069 | D:7      | Noticed a gargoyle
 11082 | D:7      | Killed a gargoyle
 11287 | D:7      | Gained mutation: When seriously injured, your bleeding
                  | wounds create thick armour. (AC +12) [demonic ancestry]
 11287 | D:7      | Reached XP level 9. HP: 29/63 MP: 13/20
 11758 | D:7      | Got a silken robe
 11769 | D:7      | Identified the +5 robe of Wieteus {rPois Int+2 Dex-2} (You
                  | took it off a kobold on level 7 of the Dungeon)
 11787 | D:7      | Got a transparent iron ring
 11935 | D:8      | Noticed Erica
 11947 | D:8      | Found a sparkling altar of Nemelex Xobeh.
 11961 | D:8      | Noticed a two-headed ogre
 12330 | D:7      | Killed a seven-headed hydra
 12330 | D:7      | Reached skill level 8 in Spellcasting
 12703 | D:8      | Found a bloodstained altar of Trog.
 13135 | D:8      | Killed a two-headed ogre
 13344 | D:8      | Killed Erica
 13344 | D:8      | Reached skill level 5 in Dodging
 13632 | D:8      | Learned a level 6 spell: Bolt of Cold
 13683 | D:8      | Identified the ring of Eruihy {Ice Str+7} (You took it off
                  | a kobold on level 7 of the Dungeon)
 13693 | D:8      | Gained mutation: You are frail. (-10% HP) [potion of
                  | mutation]
 13693 | D:8      | Gained mutation: You are very frail. (-20% HP) [potion of
                  | mutation]
 13693 | D:8      | Gained mutation: You are occasionally teleported next to
                  | monsters. [potion of mutation]
 13693 | D:8      | Gained mutation: You evolve. [potion of mutation]
 14135 | D:8      | Reached XP level 10. HP: 50/56 MP: 5/22
 14291 | D:8      | Found a staircase to the Lair.
 14952 | D:8      | Found a runed gate.
 14953 | D:8      | Noticed a ten-headed hydra
 14954 | D:8      | Noticed execc's ghost (novice VSBe)
 14987 | D:8      | Upgraded the game from 0.22.0-27-ga576289 to
                  | 0.22.0-32-gbc6daba
 15131 | D:8      | Noticed a ten-headed hydra
 15132 | D:8      | Found a runed gate.
 15132 | D:8      | Found a runed gate.
 15365 | D:9      | Noticed a two-headed ogre
 15550 | D:9      | Gained mutation: Your magical capacity is low. (-10% MP)
                  | [evolution]
 15551 | D:9      | Found an ancient bone altar of Kikubaaqudgha.
 15552 | D:9      | Lost mutation: Your magical capacity is low. (-10% MP)
                  | [potion of mutation]
 15552 | D:9      | Lost mutation: You are very frail. (-20% HP) [potion of
                  | mutation]
 15552 | D:9      | Lost mutation: You are frail. (-10% HP) [potion of
                  | mutation]
 15552 | D:9      | Gained mutation: You are resistant to hostile enchantments.
                  | (MR+) [potion of mutation]
 15692 | D:9      | Killed a two-headed ogre
 15826 | D:9      | Reached * piety under Vehumet
 15826 | D:9      | Offered knowledge of Shock by Vehumet.
 16008 | D:9      | Reached skill level 1 in Ice Magic
 16149 | D:9      | Found an opulent altar of Gozag.
 16206 | D:10     | Entered Level 10 of the Dungeon
 16451 | D:10     | Noticed a gargoyle
 16490 | D:10     | Upgraded the game from 0.22.0-32-gbc6daba to
                  | 0.22.0-36-g8e74550
 16626 | D:10     | Killed a gargoyle
 16626 | D:10     | Reached skill level 9 in Spellcasting
 16668 | D:10     | Noticed Snorg
 16718 | D:10     | Killed Snorg
 16882 | D:10     | Noticed a two-headed ogre
 17070 | D:11     | Offered knowledge of Freeze by Vehumet.
 17267 | D:11     | Noticed a manticore
 17312 | D:11     | Killed a manticore
 17540 | D:11     | Noticed a skeletal warrior
 17561 | D:11     | Noticed a manticore
 17596 | D:11     | Killed a manticore
 17781 | D:11     | Reached ** piety under Vehumet
 17796 | D:11     | Reached skill level 1 in Poison Magic
 17995 | D:11     | Reached XP level 11. HP: 75/75 MP: 16/24
 18131 | D:11     | Gained mutation: Armour fits poorly on your strangely
                  | shaped body. [evolution]
 18257 | D:11     | Found a staircase to the Orcish Mines.
 18931 | Lair:1   | Entered Level 1 of the Lair of Beasts
 19051 | Lair:1   | Reached skill level 5 in Conjurations
 19288 | Lair:1   | Reached skill level 10 in Spellcasting
 20033 | Lair:1   | Reached skill level 5 in Summonings
 20041 | Lair:1   | Offered knowledge of Ignite Poison by Vehumet.
 20107 | Lair:1   | Learned a level 3 spell: Ignite Poison
 21754 | Lair:1   | Lost mutation: You are occasionally teleported next to
                  | monsters. [evolution]
 22635 | Lair:2   | Reached *** piety under Vehumet
 23486 | Lair:3   | Reached XP level 12. HP: 83/83 MP: 7/26
 23536 | Lair:3   | Upgraded the game from 0.22.0-36-g8e74550 to
                  | 0.22.0-38-g04b72b8
 23629 | Lair:3   | Offered knowledge of Dazzling Spray by Vehumet.
 23637 | Lair:3   | Learned a level 6 spell: Freezing Cloud
 24203 | Lair:3   | Reached skill level 1 in Air Magic
 24344 | Lair:3   | Found a staircase to the Shoals.
 24637 | Lair:3   | You fall through a shaft!
 24637 | Lair:4   | Found a hole to the Spider Nest.
 24680 | Lair:4   | Reached skill level 11 in Spellcasting
 24737 | Lair:4   | Reached skill level 5 in Hexes
 24974 | Lair:4   | Got a twisted robe
 24991 | Lair:4   | Identified the +2 robe of the Commoners {MR+ rCorr Str-5
                  | Dex+3} (You found it on level 4 of the Lair of Beasts)
 25030 | Lair:3   | Gained mutation: Your body sometimes deteriorates upon
                  | taking damage. [evolution]
 25187 | Lair:4   | Noticed a six-headed hydra
 25349 | Lair:4   | Killed a six-headed hydra
 25349 | Lair:4   | Reached **** piety under Vehumet
 25449 | Lair:4   | Reached skill level 5 in Ice Magic
 25855 | Lair:4   | Noticed a seven-headed hydra
 25862 | Lair:4   | Killed a seven-headed hydra
 26056 | Lair:5   | Identified a scroll of acquirement
 26056 | Lair:5   | Identified the Handbook of Mutagenic Summoning (You
                  | acquired it on level 5 of the Lair of Beasts)
 26132 | Lair:5   | Offered knowledge of Static Discharge by Vehumet.
 26316 | Lair:5   | Found a staircase to the Slime Pits.
 26604 | Lair:5   | Noticed a five-headed hydra
 26610 | Lair:5   | Killed a five-headed hydra
 26925 | Lair:5   | Gained mutation: You have very sharp fingernails. [demonic
                  | ancestry]
 26925 | Lair:5   | Reached XP level 13. HP: 88/88 MP: 20/28
 27523 | Lair:6   | Entered Level 6 of the Lair of Beasts
 27523 | Lair:6   | Noticed Sonja
 27528 | Lair:6   | Killed Sonja
 27528 | Lair:6   | Reached skill level 12 in Spellcasting
 27868 | Lair:6   | Reached ***** piety under Vehumet
 27896 | Lair:5   | Offered knowledge of Lightning Bolt by Vehumet.
 27903 | Lair:5   | Learned a level 5 spell: Lightning Bolt
 28282 | Lair:6   | Got a colourful robe
 28324 | Lair:5   | Identified the cursed +1 robe of Zin's Castigation {rC+
                  | Str+2} (You found it on level 6 of the Lair of Beasts)
 30611 | Lair:6   | Noticed a dire elephant
 30622 | Lair:6   | Reached skill level 10 in Conjurations
 30644 | Lair:6   | Gained mutation: Your system is resistant to poisons.
                  | (rPois) [evolution]
 31097 | Lair:6   | Killed a dire elephant
 31480 | D:8      | Killed execc's ghost
 31480 | D:8      | Reached skill level 1 in Transmutations
 31656 | D:10     | Reached skill level 5 in Staves
 31707 | D:10     | Found a white marble altar of Elyvilon.
 32503 | Orc:1    | Entered Level 1 of the Orcish Mines
 32509 | Orc:1    | Reached XP level 14. HP: 96/96 MP: 9/30
 32670 | Orc:1    | Reached skill level 1 in Evocations
 32737 | Orc:1    | Found Idedat's Gadget Boutique.
 32873 | Orc:2    | Entered Level 2 of the Orcish Mines
 33882 | Orc:1    | Bought a wand of digging (13) for 374 gold pieces
 35368 | Orc:2    | Reached skill level 5 in Fighting
 35723 | Orc:2    | Noticed an orc warlord
 36007 | Orc:2    | Noticed a stone giant
 36322 | Orc:1    | Reached skill level 13 in Spellcasting
 36758 | Orc:2    | Killed a stone giant
 36885 | Orc:2    | Found a staircase to the Elven Halls.
 37647 | Orc:2    | Killed an orc warlord
 38378 | Orc:2    | Noticed Nessos
 38680 | Orc:1    | Gained mutation: Your flesh is cold resistant. (rC+)
                  | [evolution]
 38782 | Orc:2    | Killed Nessos
 38954 | Orc:2    | Offered knowledge of Throw Icicle by Vehumet.
 39550 | Orc:2    | Reached skill level 5 in Stealth
 39872 | Orc:2    | Found Beijymm's Armour Emporium.
 39875 | Orc:2    | Found Mezo's Book Emporium.
 39876 | Orc:2    | Found Guemior's General Store.
 39877 | Orc:2    | Found Ynuawn's Armour Shoppe.
 39880 | Orc:2    | Bought the ring of Ylla {Wiz rF+++ MR+++ Str-5 Dex-5} for
                  | 933 gold pieces
 40015 | Orc:1    | Learned a level 6 spell: Ozocubu's Refrigeration
 40228 | Slime:1  | Entered Level 1 of the Pits of Slime
 40228 | Slime:1  | Noticed an azure jelly
 40228 | Slime:1  | Noticed an acid blob
 40903 | Elf:1    | Entered Level 1 of the Elven Halls
 41540 | Spider:1 | Entered Level 1 of the Spider Nest
 41703 | Spider:1 | Reached XP level 15. HP: 105/105 MP: 19/32
 42099 | Spider:1 | Noticed Kirke
 42203 | Shoals:1 | Entered Level 1 of the Shoals
 43520 | Shoals:1 | Lost mutation: Armour fits poorly on your strangely shaped
                  | body. [evolution]
 43846 | Shoals:2 | Reached skill level 5 in Air Magic
 44005 | Shoals:2 | Offered knowledge of Bolt of Fire by Vehumet.
 44254 | Shoals:2 | You fall through a shaft!
 46176 | Shoals:3 | Reached skill level 5 in Throwing
 46857 | Shoals:3 | Found a runed gate.
 46858 | Shoals:3 | Found an opulent altar of Gozag.
 47112 | Shoals:4 | Entered Level 4 of the Shoals
 47590 | Shoals:3 | Gained mutation: You have an increased reservoir of magic.
                  | (+10% MP) [evolution]
 47833 | Shoals:4 | Reached skill level 5 in Fire Magic
 49167 | Shoals:4 | Gained mutation: You have claws for hands. [demonic
                  | ancestry]
 49167 | Shoals:4 | Reached XP level 16. HP: 89/111 MP: 17/37
 49277 | Shoals:4 | Reached skill level 14 in Spellcasting
 49530 | Shoals:4 | Offered knowledge of Venom Bolt by Vehumet.
 49795 | Shoals:4 | Got a barnacled rune of Zot
 50063 | Shoals:4 | Learned a level 6 spell: Iron Shot
 50147 | Shoals:4 | Reached skill level 1 in Earth Magic
 50861 | Spider:1 | Noticed a sphinx
 50865 | Lair:4   | Killed Kirke
 52296 | Spider:1 | Reached skill level 5 in Evocations
 53665 | Spider:2 | Offered knowledge of Spellforged Servitor by Vehumet.
 54560 | D:4      | Noticed Eustachio
 54565 | D:4      | Killed Eustachio
 54853 | D:5      | Learned a level 7 spell: Spellforged Servitor
 55037 | D:12     | Noticed Nergalle
 55039 | D:12     | Killed Nergalle
 55228 | D:12     | Noticed Azrael
 55231 | D:12     | Killed Azrael
 56117 | Orc:2    | Bought the +0 helmet "Ful Voull" {+Fly Int+2 Dex+4 SInv}
                  | for 547 gold pieces
 56575 | Elf:1    | Noticed Asterion
 56594 | Elf:1    | Killed Asterion
 57358 | Elf:1    | Gained mutation: Your magical and physical power is
                  | slightly enhanced at high health. [demonic ancestry]
 57358 | Elf:1    | Reached XP level 17. HP: 117/117 MP: 26/38
 57366 | Elf:1    | Offered knowledge of Poison Arrow by Vehumet.
 57978 | Elf:2    | Gained mutation: Your muscles are strong. (Str +2)
                  | [evolution]
 57999 | Elf:2    | Found Hocsuapung's Assorted Antiques.
 57999 | Elf:2    | Found Kuebleepn's Magic Scroll Boutique.
 58000 | Elf:2    | Found Ociledgh's Magic Scroll Shop.
 58003 | Elf:2    | Found Qaytopryi's Food Boutique.
 58459 | Elf:2    | Found Fihotole's Jewellery Shoppe.
 58823 | Elf:2    | Found a huge runed gate.
 58823 | Elf:2    | Found a huge runed gate.
 58823 | Elf:2    | Found a huge runed gate.
 58823 | Elf:2    | Found a huge runed gate.
 58823 | Elf:2    | Found a huge runed gate.
 59411 | Elf:2    | Noticed a deep elf blademaster
 59455 | Elf:2    | Killed a deep elf blademaster
 59782 | Elf:2    | Bought a scroll of teleportation for 60 gold pieces
 59782 | Elf:2    | Bought a scroll of teleportation for 60 gold pieces
 59791 | Elf:2    | Bought a scroll of immolation for 56 gold pieces
 59791 | Elf:2    | Bought a scroll of teleportation for 48 gold pieces
 59921 | Elf:2    | Reached skill level 10 in Dodging
 60374 | Elf:3    | Entered Level 3 of the Elven Halls
 61241 | Elf:3    | Noticed a deep elf master archer
 61243 | Elf:3    | Offered knowledge of Orb of Destruction by Vehumet.
 61245 | Elf:3    | Killed a deep elf master archer
 61440 | Elf:3    | Got a translucent copper amulet
 61447 | Elf:3    | Got a translucent brass ring
 61451 | Elf:3    | Identified the ring "Zephosch" {rN+ Int+2} (You took it off
                  | a deep elf demonologist on level 3 of the Elven Halls)
 61481 | Elf:3    | Noticed a deep elf blademaster
 61481 | Elf:3    | Noticed a deep elf blademaster
 61488 | Elf:3    | Killed a deep elf blademaster
 61488 | Elf:3    | Reached skill level 5 in Earth Magic
 61505 | Elf:3    | Killed a deep elf blademaster
 61717 | Elf:3    | Got a transparent silver ring
 61855 | Elf:3    | Got an ancient ruby amulet
 61880 | Elf:3    | Noticed a deep elf master archer
 61887 | Elf:3    | Killed a deep elf master archer
 61887 | Elf:3    | Reached skill level 15 in Spellcasting
 62428 | Elf:3    | Identified the Collected Works on Flying Damage Dealing
 62787 | Elf:3    | Gained mutation: When seriously injured, your bleeding
                  | wounds create very thick armour. (AC +12) [demonic
                  | ancestry]
 62787 | Elf:3    | Reached XP level 18. HP: 119/125 MP: 27/40
 62790 | Elf:3    | Got a translucent lapis lazuli ring
 63607 | Spider:2 | Noticed Arachne
 63736 | Spider:1 | Gained mutation: Your flesh is very cold resistant. (rC++)
                  | [evolution]
 63897 | Spider:2 | Killed Arachne
 63980 | Spider:2 | Identified the amulet of Jatorel {Gourm *Corrode rElec rN+
                  | Str+2} (You took it off a deep elf archer on level 3 of the
                  | Elven Halls)
 64354 | Spider:3 | Reached ****** piety under Vehumet
 64435 | Spider:2 | Offered knowledge of Fire Storm by Vehumet.
 64435 | Spider:2 | Offered knowledge of Chain Lightning by Vehumet.
 64435 | Spider:2 | Offered knowledge of Ignition by Vehumet.
 65561 | Spider:4 | Entered Level 4 of the Spider Nest
 69303 | Spider:4 | Gained mutation: You have a pair of small horns on your
                  | head. [evolution]
 69310 | Spider:4 | Gained mutation: You are frail. (-10% HP) [mutagenic glow]
 69906 | Elf:2    | Bought an uncursed ring of see invisible for 300 gold
                  | pieces
 69930 | Elf:2    | Bought a scroll of identify for 40 gold pieces
 69930 | Elf:2    | Bought a scroll of identify for 40 gold pieces
 69932 | Elf:2    | Identified the ring "Hoivvoif" {rCorr rC+++ MR- Dex+6} (You
                  | took it off a deep elf demonologist on level 3 of the Elven
                  | Halls)
 69933 | Elf:2    | Identified the ring of the Empty Page {rN+ SInv} (You took
                  | it off a deep elf death mage on level 3 of the Elven Halls)
 70052 | Orc:2    | Bought a scroll of identify for 30 gold pieces
 70052 | Orc:2    | Identified the amulet "Geciysur" {rElec rC+ Regen+ MP+9
                  | Str-3} (You took it off a deep elf demonologist on level 3
                  | of the Elven Halls)
 70926 | Spider:4 | Got a gossamer rune of Zot
 71744 | D:13     | Found a runed door.
 71855 | D:13     | Got a jewelled ring mail
 71856 | D:13     | Identified the cursed +1 ring mail of Poudijyi {+Inv Dex+5
                  | SInv Stlth-} (You found it on level 13 of the Dungeon)
 71870 | D:13     | Found a runed door.
 72216 | D:13     | Noticed Rupert
 72251 | D:13     | Killed Rupert
 73476 | D:14     | Found a blossoming altar of Fedhas.
 73906 | D:14     | Gained mutation: Your magical and physical power is
                  | enhanced at high health. [demonic ancestry]
 73906 | D:14     | Reached XP level 19. HP: 104/118 MP: 42/42
 74291 | D:14     | Found a gate to the Vaults.
 74538 | D:14     | Reached skill level 16 in Spellcasting
 75534 | Slime:1  | Gained mutation: You are dopey. (Int -2) [a shining eye]
 75873 | Vaults:1 | Entered Level 1 of the Vaults
 75884 | Vaults:1 | Upgraded the game from 0.22.0-38-g04b72b8 to
                  | 0.22.0-49-gab54619
 76485 | Vaults:1 | Learned a level 8 spell: Chain Lightning
 79140 | Vaults:2 | Gained mutation: You are resistant to electric shocks.
                  | (rElec) [evolution]
 79197 | Vaults:2 | Reached skill level 10 in Ice Magic
 79603 | Vaults:2 | Identified Cekhlirph's Incunabulum of the Dusty Escort
 79678 | Vaults:2 | Found a gateway to a bazaar.
 79700 | Bazaar   | Entered a bazaar
 79701 | Bazaar   | Found Ujiw's Gadget Boutique.
 79720 | Bazaar   | Found Estrergh's General Store.
 79728 | Bazaar   | Bought a scroll of teleportation for 27 gold pieces
 79728 | Bazaar   | Bought a potion of heal wounds for 45 gold pieces
 79728 | Bazaar   | Bought a scroll of teleportation for 27 gold pieces
 79728 | Bazaar   | Bought a scroll of immolation for 31 gold pieces
 79728 | Bazaar   | Bought 3 curare-tipped needles for 16 gold pieces
 79728 | Bazaar   | Bought a scroll of amnesia for 31 gold pieces
 79767 | Bazaar   | Found Qemu's Weapon Emporium.
 79771 | Bazaar   | Found Kiemu's Weapon Emporium.
 79787 | Bazaar   | Bought a +0 lajatang for 150 gold pieces
 79806 | Bazaar   | Bought a wand of iceblast (7) for 121 gold pieces
 80443 | Vaults:2 | Found a staircase to the Crypt.
 80443 | Vaults:2 | Found an ancient bone altar of Kikubaaqudgha.
 80444 | Vaults:2 | Found a basalt altar of Yredelemnul.
 80776 | Vaults:3 | Gained mutation: Your magical and physical power is greatly
                  | enhanced at high health. [demonic ancestry]
 80776 | Vaults:3 | Reached XP level 20. HP: 94/125 MP: 36/44
 81554 | Vaults:3 | Reached skill level 17 in Spellcasting
 81665 | Vaults:3 | Reached skill level 10 in Air Magic
 82757 | Vaults:3 | Reached skill level 15 in Conjurations
 83108 | Vaults:3 | Paralysed by a hornet for 2 turns
 83186 | Vaults:3 | Gained mutation: You are agile. (Dex +2) [evolution]
 83848 | Vaults:3 | Found Gaezxom's Magic Scroll Shoppe.
 83859 | Vaults:3 | Bought a scroll of summoning for 104 gold pieces
 84627 | Vaults:4 | Reached XP level 21. HP: 126/129 MP: 34/46
 84839 | Vaults:4 | Found a glowing silver altar of Zin.
 87020 | Crypt:1  | Entered Level 1 of the Crypt
 87677 | Crypt:1  | Lost mutation: Your system is resistant to poisons. (rPois)
                  | [evolution]
 88728 | Crypt:2  | Learned a level 8 spell: Ignition
 89303 | Crypt:3  | Entered Level 3 of the Crypt
 90191 | Crypt:3  | Reached skill level 10 in Fire Magic
 90388 | Crypt:3  | Noticed an ancient lich
 90438 | Crypt:3  | Killed an ancient lich
 90709 | Crypt:3  | Gained mutation: You sometimes gain power by taking damage.
                  | [demonic ancestry]
 90709 | Crypt:3  | Reached XP level 22. HP: 135/135 MP: 44/48
 90911 | Crypt:3  | Found a staircase to the Tomb.
 91229 | Crypt:3  | Found a shimmering altar of Xom.
 91294 | Crypt:3  | Got a twitching bone ring
 91294 | Crypt:3  | Got a transparent brass ring
 91296 | Crypt:3  | Identified the ring "Qeb Ihea" {rN+ Str-5 Int+7 Slay+3}
                  | (You found it on level 3 of the Crypt)
 91297 | Crypt:3  | Identified the ring "Cutwoy" {rN+ MP+9} (You found it on
                  | level 3 of the Crypt)
 91566 | Tomb:1   | Entered Level 1 of the Tomb of the Ancients
 91771 | Tomb:1   | Got a bloodstained scale mail
 91772 | Tomb:1   | Identified the +5 scale mail "Teoryl" {-Cast rElec rF+}
                  | (You found it on level 1 of the Tomb of the Ancients)
 91909 | Tomb:1   | Noticed a greater mummy
 91912 | Tomb:1   | Noticed Khufu
 92567 | Tomb:1   | Killed Khufu
 93049 | D:15     | Entered Level 15 of the Dungeon
 93638 | D:15     | Found Idghed's Distillery.
 93730 | D:15     | Bought 3 potions of magic for 456 gold pieces
 93730 | D:15     | Bought a potion of heal wounds for 95 gold pieces
 93730 | D:15     | Bought 2 potions of curing for 114 gold pieces
 93730 | D:15     | Bought a potion of haste for 190 gold pieces
 94079 | D:15     | Got a pitted cloak
 94080 | D:15     | Identified the cursed -2 cloak of the Jackalope {rN+ Str+4
                  | Dex+3} (You found it on level 15 of the Dungeon)
 94098 | D:15     | Found a staircase to the Depths.
 94253 | Depths:1 | Entered Level 1 of the Depths
 94270 | Depths:1 | Noticed the Enchantress
 94273 | Depths:1 | Killed the Enchantress
 94456 | Depths:1 | HP: 1/135 [spriggan defender/vampiric lajatang[the
                  | Enchantress] (29)]
 94456 | Depths:1 | Hit by a large rock thrown by a stone giant

Skill      XL: |  1  2  3  4  5  6  7  8  9 10 11 12 13 14 15 16 17 18 19 20 21 22 |
---------------+-------------------------------------------------------------------+-----
Dodging        | 2 3 4 5 7 8 9 10 11 13 | 13.1
Stealth        | 2 3 5 6 7 |  7.7
Translocations | 1 2 3 4 |  4.7
Summonings     | 2 3 4 5 6 7 |  7.4
Spellcasting   | 4 5 6 7 8 9 10 11 12 13 14 15 16 17 | 17.8
Conjurations   | 2 3 4 6 8 10 11 12 13 14 15 | 15.9
Fighting       | 1 2 3 4 5 6 7 |  7.5
Staves         | 1 2 3 4 5 6 7 8 |  8.2
Throwing       | 1 2 3 4 5 6 7 |  7.5
Hexes          | 1 2 3 4 5 |  5.6
Fire Magic     | 1 2 3 4 5 6 10 12 | 12.1
Ice Magic      | 2 4 5 6 7 8 9 10 | 10.4
Poison Magic   | 1 3 4 |  4.0
Air Magic      | 2 3 4 5 6 7 9 11 | 11.8
Transmutations | 1 |  1.7
Evocations     | 2 4 5 6 7 8 |  8.7
Earth Magic    | 3 5 6 7 |  7.4
Short Blades   | |  0.3
Shields        | |  0.1

Action                   |  1- 3 |  4- 6 |  7- 9 | 10-12 | 13-15 | 16-18 | 19-21 | 22-24 || total
-------------------------+-------+-------+-------+-------+-------+-------+-------+-------++-------
Melee: Dagger            |    30 |    17 |     2 |       |       |       |       |       ||    49
       Quarterstaff      |       |    46 |   170 |       |       |       |       |       ||   216
       Unarmed           |       |     1 |       |       |       |       |       |       ||     1
       Staff             |       |       |    50 |   117 |   129 |    33 |     1 |       ||   330
 Fire: Blowgun           |       |       |    13 |     6 |       |       |       |       ||    19
Throw: Stone             |     3 |    26 |    57 |    48 |       |       |       |       ||   134
       Tomahawk          |       |       |    13 |    41 |    39 |     8 |       |       ||   101
       Throwing net      |       |       |     6 |       |       |       |       |       ||     6
       Javelin           |       |       |       |       |     5 |       |       |       ||     5
 Cast: Magic Dart        |    53 |    53 |    39 |   279 |     9 |       |       |       ||   433
       Call Imp          |    18 |    72 |    91 |   116 |    18 |       |       |       ||   315
       Blink             |     8 |     6 |    21 |    19 |    71 |    98 |    18 |     2 ||   243
       Confuse           |       |    12 |    54 |   128 |    37 |     7 |     1 |     4 ||   243
       Mephitic Cloud    |       |     5 |    19 |    63 |    44 |     4 |    18 |       ||   153
       Conjure Flame     |       |       |    34 |    64 |    46 |       |       |       ||   144
       Gell's Gravitas   |       |       |    14 |     4 |       |       |       |       ||    18
       Ignite Poison     |       |       |       |    28 |    25 |     3 |    13 |       ||    69
       Bolt of Cold      |       |       |       |    83 |   420 |   250 |   106 |    21 ||   880
       Freezing Cloud    |       |       |       |    19 |   202 |   126 |    35 |     6 ||   388
       Lightning Bolt    |       |       |       |       |   125 |   152 |   231 |    29 ||   537
       Ozocubu's Refrige |       |       |       |       |    15 |       |       |       ||    15
       Iron Shot         |       |       |       |       |       |   302 |   236 |    88 ||   626
       Spellforged Servi |       |       |       |       |       |    76 |    41 |     6 ||   123
       Chain Lightning   |       |       |       |       |       |       |   106 |    25 ||   131
       Ignition          |       |       |       |       |       |       |       |     7 ||     7
 Abil: Evoke Invisibilit |       |       |       |       |     1 |    18 |     1 |       ||    20
Evoke: Wand              |       |     6 |    13 |     7 |    27 |    20 |    11 |       ||    84
       Staff of energy   |       |       |       |       |    91 |    49 |    25 |     6 ||   171
       Box of beasts     |       |       |       |       |       |     1 |       |       ||     1
       Sack of spiders   |       |       |       |       |       |     1 |       |       ||     1
       Phantom mirror    |       |       |       |       |       |       |     1 |       ||     1
  Use: Scroll            |     6 |     6 |     7 |    15 |    18 |    28 |     9 |     9 ||    98
       Potion            |       |     3 |     9 |     6 |     6 |     9 |     4 |     2 ||    39
 Stab: Sleeping          |     5 |     6 |     2 |     1 |       |       |       |       ||    14
       Confused          |       |       |     5 |     6 |       |       |       |       ||    11
       Distracted        |       |       |       |     2 |       |       |       |       ||     2
  Eat: Chunk             |     5 |     8 |     5 |    24 |    54 |    50 |    38 |     5 ||   189
       Ration            |       |     2 |     6 |    14 |    11 |    10 |     4 |     2 ||    49
Armor: Robe              |     3 |    29 |   112 |    65 |   101 |   123 |    57 |     8 ||   498
       Skin              |       |     1 |       |       |       |       |       |       ||     1
Dodge: Dodged            |    25 |    61 |   230 |   252 |   410 |   455 |   206 |    24 ||  1663
